 Dungeon Crawl Stone Soup version 0.21.1-1-g345015f (webtiles) character file.

1607 Hebeh the Cleaver (level 8, -11/74 HPs)
             Began as a Deep Dwarf Fighter on June 17, 2018.
             Was a Follower of Makhleb.
             Mangled by a two-headed ogre
             ... wielding a +0 giant club
              (22 damage)
             ... on level 7 of the Dungeon.
             The game lasted 00:20:15 (4391 turns).

Hebeh the Cleaver (Deep Dwarf Fighter)              Turns: 4391, Time: 00:20:16

Health: -11/74     AC: 13    Str: 26    XL:     8   Next: 63%
Magic:  3/3        EV:  8    Int:  9    God:    Makhleb [*.....]
Gold:   285        SH: 11    Dex: 12    Spells: 7/7 levels left

rFire    . . .     SeeInvis .   A - +0 broad axe
rCold    . . .     Gourm    +   c - +0 shield
rNeg     . . .     Faith    .   b - +0 scale mail
rPois    .         Spirit   .   l - +2 helmet
rElec    .         Reflect  .   G - +0 cloak
rCorr    .         Harm     .   w - +0 pair of gloves
MR       ++...                  (no boots)
Stlth    ..........             u - amulet of the gourmand
HPRegen  0.00/turn              s - ring of protection from magic
MPRegen  0.08/turn              i - +4 ring of strength

@: lethally poisoned (-11 -> -11), non-regenerating
A: damage resistance, heal wounds, sense surroundings 1, no regeneration
a: Heal Wounds, Renounce Religion


You were on level 7 of the Dungeon.
You worshipped Makhleb.
Makhleb was aware of your devotion.
You were very full.

You visited 1 branch of the dungeon, and saw 7 of its levels.

You collected 285 gold pieces.

Inventory:

Hand Weapons
 A - a +0 broad axe (weapon)
Armour
 b - a +0 scale mail (worn)
 c - a +0 shield (worn)
 l - a +2 helmet (worn)
 w - a +0 pair of gloves (worn)
 G - a +0 cloak (worn)
Jewellery
 i - a +4 ring of strength (right hand)
 n - a +2 ring of strength
 s - a ring of protection from magic (left hand)
 u - an amulet of the gourmand (around neck)
 y - an uncursed ring of fire
Wands
 a - a wand of acid (8)
Scrolls
 j - 4 scrolls of remove curse {unknown}
 k - a scroll of enchant weapon {unknown}
 m - 3 scrolls of enchant armour
 p - 2 scrolls of blinking {unknown}
 q - a scroll of identify
 x - a scroll of fear {unknown}
 B - a scroll of magic mapping {unknown}
 C - a scroll of noise {unknown}
 E - 2 scrolls of teleportation {unknown}
 F - a scroll of random uselessness {unknown}
Potions
 d - 3 potions of might
 e - 2 potions of lignification {unknown}
 g - a potion of brilliance {unknown}
 h - 2 potions of heal wounds {unknown}
 o - 2 potions of curing {unknown}
 v - 2 potions of flight {unknown}
 z - 2 potions of invisibility
Books
 r - a book of Changes

   Spells                             Type                      Level
   a - Beastly Appendage              Transmutation                1
   b - Sticks to Snakes               Transmutation                2
   c - Spider Form                    Transmutation/Poison         3
   d - Ice Form                       Ice/Transmutation            4
   e - Blade Hands                    Transmutation                5
 t - a book of Cantrips

   Spells                             Type                      Level
   a - Confusing Touch                Hexes                        1
   b - Animate Skeleton               Necromancy                   1
   c - Summon Small Mammal            Summoning                    1
   d - Apportation                    Translocation                1
Comestibles
 f - 9 rations


   Skills:
 - Level 5.1 Fighting
 * Level 8.2 Axes
 - Level 6.1 Armour
 - Level 6.1 Shields


You had 7 spell levels left.
You didn't know any spells.

Dungeon Overview and Level Annotations

Branches:
Dungeon (7/15)
 Temple: D:4-7

Altars:
Gozag
Makhleb
Qazlal
Ru
Yredelemnul
Zin
The Shining One


Innate Abilities, Weirdness & Mutations

You are resistant to damage.
You can heal yourself by infusing magical energy.
You passively map a small area around you.
You do not regenerate.


Message History

The two-headed ogre hits you with a dire flail!
You feel much better. You block the two-headed ogre's attack.
The two-headed ogre hits you with a dire flail!
You slash the two-headed ogre!
The two-headed ogre is severely wounded.
The two-headed ogre hits you with a giant club!!
You block the two-headed ogre's attack.
You hit the two-headed ogre.
The two-headed ogre is severely wounded.
The two-headed ogre barely misses you. You block the two-headed ogre's attack.
You hit the two-headed ogre but do no damage.
The two-headed ogre is severely wounded.
The two-headed ogre hits you with a giant club!
* * * LOW HITPOINT WARNING * * *
The two-headed ogre hits you with a dire flail!
* * * LOW HITPOINT WARNING * * *
You slash the two-headed ogre!
The two-headed ogre is almost dead.
The two-headed ogre hits you with a giant club!!
You die...

###############
#.............#
#.#..8...8..#(#
#.#..#...#..#(#
#.#..#...#..#(##
##.#..#...#..#(.#
#..#..#...#..#(.######
#..#..#...#..#@.......
#.[#..#+++#..#O#......
,, ###..#..+
⌠+..#........ .....# ,
,,,+..#........ ####.#
, #........ #.####*
***#.#...... ####.....
..#...... , *
.....#..# * #.......,
.......# *


You could see a two-headed ogre.

Vanquished Creatures
  A hippogriff (D:6)
  Duvessa (D:4)
  An ogre (D:6)
  A centaur (D:7)
  The ghost of inc the Magician, an amateur OpIE (D:3)
  Dowan (D:4)
  A water moccasin zombie (D:6)
  A water moccasin skeleton (D:4)
  A scorpion (D:7)
  A bullfrog zombie (D:5)
  4 crimson imps
  A centaur zombie (D:5)
  3 jellies
  A hound (D:4)
  Crazy Yiuf (D:6)
  An iguana (D:5)
  Terence (D:3)
  2 worker ants
  A hound zombie (D:6)
  2 hound skeletons
  16 gnolls
  2 worker ant zombies
  A howler monkey skeleton (D:6)
  5 adders
  A shadow imp (D:6)
  8 oozes (D:2)
  An adder skeleton (D:4)
  3 worms
  2 dart slugs
  6 leopard geckos
  4 orcs
  A ball python (D:3)
  5 giant cockroaches
  2 goblins
  9 hobgoblins
  4 jackals (D:1)
  15 kobolds
  A quokka (D:3)
  8 bats
  8 frilled lizards
  A leopard gecko skeleton (D:5)
  4 rats
134 creatures vanquished.

Vanquished Creatures (others)
  An adder (D:5)
  4 fungi (D:2)
  5 toadstools (D:2)
10 creatures vanquished.

Grand Total: 144 creatures vanquished

Notes
Turn   | Place    | Note
-------+----------+-------------------------------------------
     0 | D:1      | Hebeh the Deep Dwarf Fighter began the quest for the Orb.
     0 | D:1      | Reached XP level 1. HP: 20/20 MP: 1/1
   138 | D:1      | Reached XP level 2. HP: 21/27 MP: 2/2
   776 | D:2      | Reached skill level 3 in Axes
   776 | D:2      | Reached XP level 3. HP: 20/33 MP: 3/3
   952 | D:3      | Noticed inc's ghost (amateur OpIE)
   978 | D:3      | Killed inc's ghost
   978 | D:3      | Reached XP level 4. HP: 11/42 MP: 1/1
  1073 | D:3      | Noticed Terence
  1077 | D:3      | Killed Terence
  1077 | D:3      | Reached skill level 4 in Axes
  1077 | D:3      | Reached XP level 5. HP: 49/49 MP: 2/2
  1271 | D:3      | Noticed an air elemental
  1273 | D:3      | Found a stormy altar of Qazlal.
  1274 | D:3      | Noticed a water elemental
  1274 | D:3      | Noticed a fire elemental
  1954 | D:2      | Reached XP level 6. HP: 13/56 MP: 3/3
  2086 | D:2      | Reached skill level 5 in Axes
  2361 | D:4      | Noticed Duvessa
  2363 | D:4      | Noticed Dowan
  2380 | D:4      | Killed Duvessa
  2380 | D:4      | Reached skill level 5 in Shields
  2380 | D:4      | Reached XP level 7. HP: 48/64 MP: 2/2
  2385 | D:4      | Killed Dowan
  2385 | D:4      | Reached skill level 5 in Armour
  2512 | D:4      | Found a sacrificial altar of Ru.
  2717 | D:5      | Entered Level 5 of the Dungeon
  2730 | D:5      | Found a burning altar of Makhleb.
  2743 | D:5      | Became a worshipper of Makhleb the Destroyer
  2796 | D:5      | Reached skill level 6 in Axes
  3075 | D:5      | Found an opulent altar of Gozag.
  3262 | D:5      | Found a glowing golden altar of the Shining One.
  3264 | D:5      | Noticed an angel
  3298 | D:5      | Found a basalt altar of Yredelemnul.
  3379 | D:5      | Found a burning altar of Makhleb.
  3383 | D:5      | Found a glowing silver altar of Zin.
  3383 | D:5      | Noticed a balrug
  3383 | D:5      | Noticed an angel
  3677 | D:6      | Reached XP level 8. HP: 48/73 MP: 3/3
  3744 | D:6      | Reached skill level 7 in Axes
  3821 | D:6      | Noticed a hippogriff
  3828 | D:6      | Killed a hippogriff
  3828 | D:6      | Reached skill level 5 in Fighting
  3893 | D:6      | Found a runed door.
  4027 | D:6      | Reached * piety under Makhleb
  4170 | D:6      | Noticed Crazy Yiuf
  4178 | D:6      | Killed Crazy Yiuf
  4374 | D:7      | Noticed a two-headed ogre
  4375 | D:7      | Reached skill level 8 in Axes
  4391 | D:7      | Mangled by a two-headed ogre

Skill      XL: |  1  2  3  4  5  6  7  8 |
---------------+-------------------------+-----
Axes           | 3 4 5 6 8 |  8.2
Fighting       | 3 4 5 |  5.1
Armour         | 4 5 6 |  6.1
Shields        | 4 5 6 |  6.1

Action                   |  1- 3 |  4- 6 |  7- 9 || total
-------------------------+-------+-------+-------++-------
Melee: War axe           |    96 |   212 |   116 ||   424
       Broad axe         |       |       |    91 ||    91
 Abil: Heal Wounds       |     5 |    11 |     8 ||    24
  Use: Scroll            |       |       |     4 ||     4
  Eat: Chunk             |       |     5 |    15 ||    20
Armor: Scale mail        |    54 |    81 |    77 ||   212
Dodge: Dodged            |    31 |    72 |    55 ||   158
Block: Shield            |    59 |   139 |   111 ||   309
